[Event "55th Rubinstein Memorial-C 2019"]
[Site "Polanica-Zdroj"]
[Date "2019.08.21"]
[Round "5.27"]
[White "Pisarek, Jan"]
[Black "Bogdanov, Maxim A."]
[Result "0-1"]
[ECO "C42"]
[WhiteElo "1556"]
[BlackElo "1763"]
[Annotator "NA"]
[PlyCount "114"]
[EventDate "2019.08.17"]
[EventType "swiss"]
[EventCountry "POL"]
[SourceTitle "playchess.com"]
[Source "ChessBase"]
[SourceQuality "1"]
[TimeControl "40/5400+30:1800+30"]

1. e4 e5 2. Nf3 Nf6 3. Nxe5 d6 4. Nf3 Nxe4 5. Nc3 Nxc3 6. dxc3 Be7 7. Bf4 O-O 8. Qd2 Nd7 9. O-O-O Nc5 10. h4 Bg4 11. Bd3 Nxd3+ 12. Qxd3 Qd7 13. a3 Qf5 14. Qxf5 Bxf5 15. Nd4 Bd7 16. Bg3 Rfe8 17. Rhe1 h5 18. Re2 Bf6 19. Rde1 Rxe2 20. Rxe2 Kf8 21. Kd2 Re8 22. Rxe8+ Kxe8 23. f3 Ke7 24. Ne2 g6 25. Nf4 c6 26. Nd3 a5 27. Bf2 b5 28. g3 c5 29. Be3 Bc6 30. Ke2 b4 31. axb4 axb4 32. Bd2 bxc3 33. Bxc3 Bxc3 34. bxc3 Kf6 35. Ke3 Ba4 36. Ne1 Ke5 37. Kd3 Bc6 38. Ke3 Kd5 39. Kd3 Bb5+ 40. Ke3 Kc4 41. Kd2 Bc6 42. f4 Be4 43. Nd3 Bxd3 44. cxd3+ Kb3 45. c4 Kb2 46. Ke2 Kc2 47. Ke3 Kd1 48. f5 Ke1 49. fxg6 fxg6 50. Kf4 Kf2 51. g4 Ke2 52. gxh5 gxh5 53. Kg5 Kxd3 54. Kxh5 Kxc4 55. Kg4 Kd5 56. Kg5 c4 57. h5 c3 0-1

[Event "55th Rubinstein Memorial-C 2019"]
[Site "Polanica-Zdroj"]
[Date "2019.08.21"]
[Round "5.28"]
[White "Matuszczyk, Mateusz"]
[Black "Mulawa, Cyprian"]
[Result "1-0"]
[ECO "B33"]
[WhiteElo "1808"]
[BlackElo "1578"]
[Annotator "NA"]
[PlyCount "63"]
[EventDate "2019.08.17"]
[EventType "swiss"]
[EventCountry "POL"]
[SourceTitle "playchess.com"]
[Source "ChessBase"]
[SourceQuality "1"]
[TimeControl "40/5400+30:1800+30"]

1. e4 c5 2. Nf3 Nc6 3. d4 cxd4 4. Nxd4 Nf6 5. Nc3 e5 6. Ndb5 d6 7. Bg5 a6 8. Na3 b5 9. Bxf6 gxf6 10. Nd5 f5 11. exf5 Bxf5 12. c3 Bg7 13. Nc2 O-O 14. Nce3 Be6 15. Bd3 f5 16. O-O Ne7 17. Bc2 Nxd5 18. Nxd5 Rc8 19. a4 (19. Bb3 $14) 19... Rc4 20. axb5 axb5 21. Bb3 Rh4 {[%emt 0:04:11] [#]} 22. Ra7 $14 ({Better is} 22. Ra8 $3 $18 Qxa8 23. Nc7 {[%mdl 64] Double Attack}) 22... Rh6 23. Nc7 Bf7 24. Bxf7+ Kxf7 25. Qd5+ Kg6 26. Ne6 Qh4 27. Nxf8+ Bxf8 28. Qg8+ Kh5 29. Qxf8 Kg4 30. f3+ Kh5 31. Qxf5+ Qg5 32. Qxg5+ 1-0

[Event "55th Rubinstein Memorial-C 2019"]
[Site "Polanica-Zdroj"]
[Date "2019.08.21"]
[Round "5.29"]
[White "Ziemski, Przemyslaw"]
[Black "Kaminski, Mateusz"]
[Result "1/2-1/2"]
[ECO "A30"]
[WhiteElo "1759"]
[BlackElo "1544"]
[Annotator "NA"]
[PlyCount "120"]
[EventDate "2019.08.17"]
[EventType "swiss"]
[EventCountry "POL"]
[SourceTitle "playchess.com"]
[Source "ChessBase"]
[SourceQuality "1"]
[TimeControl "40/5400+30:1800+30"]

1. c4 c5 2. e4 Nc6 3. Nc3 Nf6 4. g3 d6 5. Bg2 g6 6. Nge2 Bg7 7. O-O O-O 8. d3 Ne8 9. Be3 e5 10. Qd2 Be6 11. Nd5 Ne7 12. f4 Bxd5 13. cxd5 f5 14. fxe5 Bxe5 15. d4 cxd4 16. Bxd4 Ng7 17. Rac1 Bxd4+ 18. Qxd4 Qa5 19. Nc3 fxe4 20. g4 Rxf1+ 21. Rxf1 Qc5 22. Qxc5 dxc5 23. d6 Nc6 24. Nxe4 Ne6 25. Nf6+ Kg7 26. Bd5 Rf8 27. Nd7 Rxf1+ 28. Kxf1 Ncd8 29. Kf2 b6 30. Ke3 Nf8 31. Nxf8 Kxf8 32. Ke4 Nf7 33. d7 Nd8 34. g5 Ke7 35. Ke5 Kxd7 36. Kf6 Kd6 37. Bg8 b5 38. Bxh7 Ne6 39. Bxg6 Nf4 40. h4 c4 41. h5 b4 42. h6 Nxg6 43. Kxg6 c3 44. bxc3 bxc3 45. h7 c2 46. h8=Q c1=Q 47. Qd8+ Ke6 48. Qf6+ Kd5 49. Qf7+ Kd6 50. Qxa7 Qc2+ 51. Kh6 Qh2+ 52. Kg6 Qc2+ 53. Kh5 Qh2+ 54. Kg4 Qg2+ 55. Kf4 Qh2+ 56. Kf3 Qh3+ 57. Ke4 Qg4+ 58. Kd3 Qxg5 59. Qb6+ Kd7 60. a4 Qd5+ {[%emt 0:00:22] Ke4} 1/2-1/2

[Event "55th Rubinstein Memorial-C 2019"]
[Site "Polanica-Zdroj"]
[Date "2019.08.21"]
[Round "5.30"]
[White "Gromada, Andrzej"]
[Black "Hasterok, Lukasz"]
[Result "0-1"]
[ECO "A06"]
[WhiteElo "1721"]
[BlackElo "1531"]
[Annotator "NA"]
[PlyCount "106"]
[EventDate "2019.08.17"]
[EventType "swiss"]
[EventCountry "POL"]
[SourceTitle "playchess.com"]
[Source "ChessBase"]
[SourceQuality "1"]
[TimeControl "40/5400+30:1800+30"]

1. Nf3 d5 2. c4 c6 3. e3 Nf6 4. Nc3 g6 5. d4 Bg7 6. Bd3 O-O 7. O-O Nbd7 8. cxd5 cxd5 9. Qb3 Nb6 10. Ne5 Bf5 11. Be2 Ne4 12. a4 Nxc3 13. bxc3 Bxe5 14. dxe5 Qc7 15. f4 Rac8 16. Bd2 Nc4 17. Bxc4 dxc4 18. Qb4 Rfd8 19. Rf2 Rd3 20. Ra2 Rcd8 21. h3 h5 22. Kh2 Be4 23. Kg1 h4 24. Kh2 g5 25. Qb5 a6 26. Qb2 Qc5 27. Re2 Bc6 28. Qc1 f5 29. exf6 exf6 30. Qe1 gxf4 31. Qxh4 fxe3 32. Qg3+ Kf7 33. Bxe3 Qa5 34. Qh4 Qe5+ 35. Bf4 Qf5 36. Bc7 Rg8 37. Qxc4+ Bd5 38. Qc5 Qf1 39. Re7+ Kg6 40. Rf2 Qd1 41. Re3 Rxe3 42. Qxe3 Qxa4 43. Bb6 Qe4 44. Qd2 Kf7 45. Bd4 Rg6 46. Re2 Qf5 47. Qe1 Qf4+ 48. Kg1 Qd6 49. Qd2 Qg3 50. Kf1 Bc4 51. Bc5 Qxg2+ 52. Ke1 Qh1+ 53. Kf2 Rg2+ 0-1

[Event "55th Rubinstein Memorial-C 2019"]
[Site "Polanica-Zdroj"]
[Date "2019.08.21"]
[Round "5.31"]
[White "Rog, Mateusz"]
[Black "Kolodziejski, Piotr"]
[Result "0-1"]
[ECO "B47"]
[WhiteElo "1473"]
[BlackElo "1701"]
[Annotator "NA"]
[PlyCount "80"]
[EventDate "2019.08.17"]
[EventType "swiss"]
[EventCountry "POL"]
[SourceTitle "playchess.com"]
[Source "ChessBase"]
[SourceQuality "1"]
[TimeControl "40/5400+30:1800+30"]

1. e4 c5 2. Nf3 Nc6 3. d4 cxd4 4. Nxd4 e6 5. Nc3 Qc7 6. Nxc6 bxc6 7. Bd3 Nf6 8. O-O Be7 9. Re1 d5 10. e5 Nd7 11. Qg4 g6 12. Bf4 g5 13. Bd2 Nxe5 14. Qh5 Nxd3 15. cxd3 h6 16. Ne2 Bf6 17. Bc3 Bxc3 18. bxc3 c5 19. Ng3 Kf8 20. Re3 Bd7 21. Rf3 Be8 22. Qg6 Qe5 23. Rb1 f5 24. d4 Bxg6 25. dxe5 Rh7 26. Rb5 Rc7 27. c4 d4 28. Rfb3 f4 29. Nf1 Bc2 30. Rb8+ Rxb8 31. Rxb8+ Kf7 32. Rh8 Rb7 33. Rxh6 Rb1 34. Rh3 d3 35. Rh7+ Ke8 36. Rh8+ Kd7 37. Rh7+ Kc6 38. Re7 d2 39. Rxe6+ Kc7 40. Rd6 d1=Q 0-1

[Event "55th Rubinstein Memorial-C 2019"]
[Site "Polanica-Zdroj"]
[Date "2019.08.21"]
[Round "5.32"]
[White "Stoop, Jan"]
[Black "Doskocz, Karol"]
[Result "1/2-1/2"]
[ECO "A04"]
[WhiteElo "1654"]
[BlackElo "1497"]
[Annotator "NA"]
[PlyCount "112"]
[EventDate "2019.08.17"]
[EventType "swiss"]
[EventCountry "POL"]
[SourceTitle "playchess.com"]
[Source "ChessBase"]
[SourceQuality "1"]
[TimeControl "40/5400+30:1800+30"]

1. Nf3 c5 2. c4 e6 3. e4 a6 4. Nc3 Nc6 5. d3 Qc7 6. Be3 h6 7. Rc1 Nf6 8. h3 Be7 9. Be2 O-O 10. Qd2 Kh7 11. g4 Ng8 12. g5 h5 13. Rg1 g6 14. Qd1 Bd8 15. Bxc5 d6 16. Be3 Nge7 17. Nh4 Kg7 18. f4 Qa5 19. Qb3 Qb4 20. Qxb4 Nxb4 21. a3 Nbc6 22. b4 Bd7 23. d4 Na7 24. d5 e5 25. fxe5 dxe5 26. Nf3 Bxh3 27. Nxe5 Bc8 28. Bd4 Kh7 29. Rf1 Ng8 30. Rxf7+ Rxf7 31. Nxf7 Be7 32. c5 Bd7 33. e5 h4 34. Kf2 Be8 35. e6 Bxf7 36. exf7 Rf8 37. Kg2 Rxf7 38. Rf1 Rxf1 39. Bxf1 Bxg5 40. c6 Nxc6 41. dxc6 bxc6 42. Bxa6 Bc1 43. a4 Ne7 44. Bb7 Nf5 45. Bf2 Ba3 46. Bc5 Bb2 47. Ne4 Bd4 48. a5 Be5 49. Bxc6 Kh6 50. Be3+ Nxe3+ 51. Kf3 Nc4 52. a6 Bb8 53. Bd5 Ne5+ 54. Kg2 g5 55. b5 Nd7 56. Bc6 Nb6 1/2-1/2

[Event "55th Rubinstein Memorial-C 2019"]
[Site "Polanica-Zdroj"]
[Date "2019.08.22"]
[Round "6.1"]
[White "Rog, Bartlomiej"]
[Black "Sroka, Janusz"]
[Result "0-1"]
[ECO "C41"]
[WhiteElo "1540"]
[BlackElo "1875"]
[Annotator "NA"]
[PlyCount "84"]
[EventDate "2019.08.17"]
[EventType "swiss"]
[EventCountry "POL"]
[SourceTitle "playchess.com"]
[Source "ChessBase"]
[SourceQuality "1"]
[TimeControl "40/5400+30:1800+30"]

1. e4 d6 2. Nf3 Nf6 3. Nc3 e5 4. d4 Nbd7 5. Bc4 Be7 6. O-O c6 7. a4 Qc7 8. Bxf7+ Kxf7 9. Ng5+ Kg8 10. Ne6 Qb8 11. f4 Nf8 12. Nxf8 Bxf8 13. f5 Qc7 14. dxe5 dxe5 15. g4 h6 16. Kh1 Bc5 17. g5 hxg5 18. Bxg5 Qf7 19. Bxf6 Qxf6 20. Qe2 b6 21. Rf3 Bd7 22. Rd1 Be8 23. b4 Be7 24. Rg3 Bh5 25. Qc4+ Bf7 26. Qe2 Bxb4 27. Rdg1 Rh7 28. Nd1 Bc5 29. Ne3 Bxe3 30. Qxe3 Qh4 31. Qe2 Rd8 32. Qg2 Qf6 33. Qe2 Kh8 34. Qg2 b5 35. axb5 cxb5 36. Rf1 Qh6 37. Rg6 Qd2 38. Rf2 Qc1+ 39. Rf1 Rd1 40. Rxd1 Qxd1+ 41. Qg1 Qxg1+ 42. Rxg1 Rh4 0-1

[Event "55th Rubinstein Memorial-C 2019"]
[Site "Polanica-Zdroj"]
[Date "2019.08.22"]
[Round "6.2"]
[White "Obrochta, Lena"]
[Black "Janzer, Hubert"]
[Result "0-1"]
[ECO "C06"]
[WhiteElo "1870"]
[BlackElo "1803"]
[Annotator "NA"]
[PlyCount "86"]
[EventDate "2019.08.17"]
[EventType "swiss"]
[EventCountry "POL"]
[SourceTitle "playchess.com"]
[Source "ChessBase"]
[SourceQuality "1"]
[TimeControl "40/5400+30:1800+30"]

1. e4 e6 2. d4 d5 3. Nd2 Nf6 4. e5 Nfd7 5. Bd3 c5 6. c3 Nc6 7. Ne2 cxd4 8. cxd4 f6 9. exf6 Nxf6 10. Nf3 Bd6 11. O-O Qc7 12. Ng3 O-O 13. Bg5 h6 14. Bxf6 Rxf6 15. Rc1 Bd7 16. Re1 Raf8 17. Bb1 Be8 18. Nh4 g5 19. Nf3 Bxg3 20. hxg3 Bh5 21. Qd3 Bg6 22. Qd2 Bxb1 23. Rxb1 Qg7 24. Ne5 Rxf2 25. Qxf2 Rxf2 26. Kxf2 Nxd4 27. Kg1 Nf5 28. Nf3 g4 29. Ne5 Nxg3 30. Kh2 Ne4 31. Nd3 g3+ 32. Kh1 Qd4 33. Red1 Qf6 34. Rdc1 Qh4+ 35. Kg1 Qh2+ 36. Kf1 Qh1+ 37. Ke2 Qxg2+ 38. Ke3 Qd2+ 39. Kd4 e5+ 40. Kxe5 Qxd3 41. Rc8+ Kg7 42. Rbc1 Nf6 43. R1c7+ Kg6 0-1

[Event "55th Rubinstein Memorial-C 2019"]
[Site "Polanica-Zdroj"]
[Date "2019.08.22"]
[Round "6.3"]
[White "Kaliszuk, Kamil"]
[Black "Kroliczek, Gabriela"]
[Result "1/2-1/2"]
[ECO "A04"]
[WhiteElo "1853"]
[BlackElo "1787"]
[Annotator "NA"]
[PlyCount "60"]
[EventDate "2019.08.17"]
[EventType "swiss"]
[EventCountry "POL"]
[SourceTitle "playchess.com"]
[Source "ChessBase"]
[SourceQuality "1"]
[TimeControl "40/5400+30:1800+30"]

1. Nf3 e6 2. c4 Nf6 3. g3 d5 4. b3 Be7 5. Bb2 O-O 6. Bg2 c5 7. O-O Nc6 8. e3 Qb6 9. d3 Rd8 10. Qe2 a6 11. Rd1 Qc7 12. Nc3 d4 13. exd4 cxd4 14. Ne4 e5 15. a3 a5 16. Rdb1 Rb8 17. Bc1 Nxe4 18. Qxe4 f5 19. Qe1 h6 20. Bd2 Bf6 21. h4 Re8 22. Nh2 Bd7 23. b4 b6 24. bxa5 Nxa5 25. Bxa5 bxa5 26. Rxb8 Rxb8 27. Bd5+ Kf8 28. Nf3 Rb3 29. Rb1 Rxb1 30. Qxb1 Qd6 1/2-1/2

[Event "55th Rubinstein Memorial-C 2019"]
[Site "Polanica-Zdroj"]
[Date "2019.08.22"]
[Round "6.4"]
[White "Talik, Patryk"]
[Black "Zalega, Maciej"]
[Result "1/2-1/2"]
[ECO "E81"]
[WhiteElo "1975"]
[BlackElo "1429"]
[Annotator "NA"]
[PlyCount "80"]
[EventDate "2019.08.17"]
[EventType "swiss"]
[EventCountry "POL"]
[SourceTitle "playchess.com"]
[Source "ChessBase"]
[SourceQuality "1"]
[TimeControl "40/5400+30:1800+30"]

1. d4 Nf6 2. c4 g6 3. Nc3 Bg7 4. e4 d6 5. f3 O-O 6. Be3 Nbd7 7. Qd2 Re8 8. Nge2 c5 9. Rd1 Nb6 10. b3 cxd4 11. Nxd4 Bd7 12. Nde2 Qc7 13. Nf4 Rac8 14. Nce2 Red8 15. g4 Be8 16. g5 Nfd7 17. Bh3 Ne5 18. O-O Bd7 19. Bg2 Bc6 20. Qa5 Nbd7 21. Qa3 b6 22. Nd4 Nc5 23. Nd5 Qb7 24. Bh3 e6 25. Nb4 Be8 26. Qb2 Nc6 27. Nbxc6 Bxc6 28. Qf2 Qe7 29. Nxc6 Rxc6 30. Rd2 Bc3 31. Rc2 Bb4 32. Rd1 Nb7 33. f4 Bc5 34. Bg2 Rc7 35. Bxc5 dxc5 36. Rcd2 Rcd7 37. e5 Rxd2 38. Rxd2 Rxd2 39. Qxd2 Qd8 40. Qxd8+ Nxd8 1/2-1/2

[Event "55th Rubinstein Memorial-C 2019"]
[Site "Polanica-Zdroj"]
[Date "2019.08.22"]
[Round "6.5"]
[White "Gajzner, Ryszard"]
[Black "Majek, Kacper"]
[Result "0-1"]
[ECO "C44"]
[WhiteElo "1740"]
[BlackElo "1984"]
[Annotator "NA"]
[PlyCount "70"]
[EventDate "2019.08.17"]
[EventType "swiss"]
[EventCountry "POL"]
[SourceTitle "playchess.com"]
[Source "ChessBase"]
[SourceQuality "1"]
[TimeControl "40/5400+30:1800+30"]

1. e4 e5 2. Nf3 Nc6 3. d3 Nf6 4. g3 Bc5 5. Bg2 d6 6. O-O O-O 7. c3 Bb6 8. Nbd2 Bg4 9. Nc4 Qd7 10. a4 Be6 11. a5 Bxc4 12. axb6 Be6 13. bxc7 d5 14. Ng5 dxe4 15. Nxe6 Qxe6 16. Re1 Rfc8 17. Bxe4 Nxe4 18. Rxe4 Rxc7 19. d4 Qd5 20. Qe1 Re7 21. dxe5 Rxe5 22. Re3 Rae8 23. Qd2 Qe6 24. Ra3 Qg4 25. f3 Qf5 26. c4 h6 27. f4 Rxe3 28. Rxe3 Rd8 29. Qe1 Qc2 30. Rc3 Qb1 31. b3 Nd4 32. Qe7 Ne6 33. Qa3 Qe4 34. Re3 Rd1+ 35. Kf2 Qc2+ 0-1

[Event "55th Rubinstein Memorial-C 2019"]
[Site "Polanica-Zdroj"]
[Date "2019.08.22"]
[Round "6.6"]
[White "Zgoda, Damian"]
[Black "Szczesniak, Andrzej"]
[Result "1/2-1/2"]
[ECO "D00"]
[WhiteElo "1725"]
[BlackElo "1954"]
[Annotator "NA"]
[PlyCount "92"]
[EventDate "2019.08.17"]
[EventType "swiss"]
[EventCountry "POL"]
[SourceTitle "playchess.com"]
[Source "ChessBase"]
[SourceQuality "1"]
[TimeControl "40/5400+30:1800+30"]

1. d4 d5 2. Bg5 f6 3. Bf4 Nc6 4. Nf3 Bg4 5. Nbd2 e6 6. h3 Bxf3 7. Nxf3 Bd6 8. e3 a6 9. c3 Nge7 10. Be2 h6 11. Qc2 O-O 12. Bxd6 Qxd6 13. O-O e5 14. dxe5 fxe5 15. c4 d4 16. Rad1 Qf6 17. Qe4 Rad8 18. Bd3 Nf5 19. exd4 Nfxd4 20. Nh4 Ne7 21. c5 Ne6 22. Bc4 Rxd1 23. Rxd1 Nc6 24. Qg4 Re8 25. Rd7 Ncd4 26. Rxc7 Kh7 27. Qe4+ Kg8 28. Rxb7 Rf8 29. Bd3 Qxf2+ 30. Kh1 Ng5 31. Rxg7+ Kxg7 32. Qg6+ Kh8 33. Qxh6+ Kg8 34. Qxg5+ Kf7 35. Bc4+ Ke8 36. Qxe5+ Kd7 37. Qd6+ Ke8 38. Qb8+ Kd7 39. Qb7+ Kd8 40. Qb8+ Kd7 41. Qd6+ Ke8 42. Ng6 Qe1+ 43. Kh2 Nf3+ 44. gxf3 Qf2+ 45. Kh1 Qxf3+ 46. Kh2 Qf2+ {[%emt 0:00:13] Be6 Qe3} 1/2-1/2

[Event "55th Rubinstein Memorial-C 2019"]
[Site "Polanica-Zdroj"]
[Date "2019.08.22"]
[Round "6.7"]
[White "Musial, Igor"]
[Black "Kardys, Zbigniew"]
[Result "1/2-1/2"]
[ECO "B81"]
[WhiteElo "1717"]
[BlackElo "1949"]
[Annotator "NA"]
[PlyCount "93"]
[EventDate "2019.08.17"]
[EventType "swiss"]
[EventCountry "POL"]
[SourceTitle "playchess.com"]
[Source "ChessBase"]
[SourceQuality "1"]
[TimeControl "40/5400+30:1800+30"]

1. e4 c5 2. Nf3 e6 3. d4 cxd4 4. Nxd4 Nf6 5. Nc3 d6 6. g4 h6 7. h4 Be7 8. Rg1 Nc6 9. g5 hxg5 10. hxg5 Nd7 11. Be3 Nde5 12. f4 Ng6 13. Nb3 a6 14. Bd3 Bd7 15. Qf3 Qc7 16. O-O-O O-O-O 17. Qf2 Rde8 18. Bb6 Qb8 19. Na5 Nxa5 20. Bxa5 Bd8 21. Bxd8 Rxd8 22. e5 dxe5 23. Bxg6 fxg6 24. Qc5+ Qc7 25. Qxe5 Rhf8 26. Ne4 Qxe5 27. fxe5 Kc7 28. Rgf1 Bc6 29. Nd6 Bg2 30. Rxf8 Rxf8 31. Rg1 Rf2 32. Re1 Bh3 33. Rh1 Bf5 34. Nxf5 Rxf5 35. Rh7 Rxg5 36. Rxg7+ Kc6 37. c4 b6 38. Kc2 Rxe5 39. Rxg6 Kc5 40. Rg4 Re2+ 41. Kc3 a5 42. a3 a4 43. Rg5+ e5 44. Kd3 Re1 45. Rh5 Rd1+ 46. Kc2 Re1 47. Kd3 1/2-1/2

[Event "55th Rubinstein Memorial-C 2019"]
[Site "Polanica-Zdroj"]
[Date "2019.08.22"]
[Round "6.8"]
[White "Tokmantsev, Ivan"]
[Black "Maslo, Slawomir"]
[Result "1-0"]
[ECO "A22"]
[WhiteElo "1918"]
[BlackElo "1687"]
[Annotator "NA"]
[PlyCount "115"]
[EventDate "2019.08.17"]
[EventType "swiss"]
[EventCountry "POL"]
[SourceTitle "playchess.com"]
[Source "ChessBase"]
[SourceQuality "1"]
[TimeControl "40/5400+30:1800+30"]

1. c4 e5 2. Nc3 Nf6 3. g3 c6 4. Bg2 Bb4 5. a3 Bxc3 6. bxc3 O-O 7. d3 Re8 8. Bg5 h6 9. Bxf6 Qxf6 10. e4 d5 11. cxd5 cxd5 12. Qf3 Qg6 13. Ne2 Bg4 14. Qe3 d4 15. cxd4 Bxe2 16. Qxe2 exd4 17. O-O Nc6 18. f4 f6 19. Bf3 Qf7 20. Bh5 g6 21. Bf3 Kg7 22. Rab1 Qd7 23. Rfc1 Rac8 24. Rc5 b6 25. Rd5 Qxd5 26. exd5 Rxe2 27. Bxe2 Ne7 28. Bf3 Nf5 29. Be4 Ne3 30. Bf3 Kf7 31. Rb4 Nc2 32. Ra4 a5 33. Bd1 Ke7 34. Bxc2 Rxc2 35. Rxd4 Kd6 36. Rc4 Ra2 37. Rc6+ Kxd5 38. Rxb6 Rxa3 39. Rxf6 Rxd3 40. Rxg6 a4 41. Rxh6 a3 42. Ra6 Ke4 43. Kg2 Rd2+ 44. Kh3 a2 45. Ra4+ Kf5 46. g4+ Kg6 47. Kg3 Rb2 48. Ra6+ Kg7 49. h3 Rc2 50. Kh4 Rf2 51. f5 Rh2 52. Kg5 Rb2 53. h4 Rf2 54. h5 Rh2 55. h6+ Kh7 56. Ra7+ Kh8 57. Kg6 a1=Q 58. Rxa1 1-0

[Event "55th Rubinstein Memorial-C 2019"]
[Site "Polanica-Zdroj"]
[Date "2019.08.22"]
[Round "6.9"]
[White "Szydelko, Kazimierz"]
[Black "Pyka, Roman"]
[Result "1/2-1/2"]
[ECO "C88"]
[WhiteElo "1717"]
[BlackElo "1860"]
[Annotator "NA"]
[PlyCount "26"]
[EventDate "2019.08.17"]
[EventType "swiss"]
[EventCountry "POL"]
[SourceTitle "playchess.com"]
[Source "ChessBase"]
[SourceQuality "1"]
[TimeControl "40/5400+30:1800+30"]

1. e4 e5 2. Nf3 Nc6 3. Bb5 a6 4. Ba4 b5 5. Bb3 Be7 6. O-O Nf6 7. c3 O-O 8. Re1 Re8 9. Ng5 Rf8 10. Nf3 Re8 11. Ng5 Rf8 12. Nf3 Re8 13. Ng5 Rf8 1/2-1/2

[Event "55th Rubinstein Memorial-C 2019"]
[Site "Polanica-Zdroj"]
[Date "2019.08.22"]
[Round "6.10"]
[White "Witkowski, Krzysztof"]
[Black "Koscielny, Edmond"]
[Result "1-0"]
[ECO "B08"]
[WhiteElo "1707"]
[BlackElo "1841"]
[Annotator "NA"]
[PlyCount "73"]
[EventDate "2019.08.17"]
[EventType "swiss"]
[EventCountry "POL"]
[SourceTitle "playchess.com"]
[Source "ChessBase"]
[SourceQuality "1"]
[TimeControl "40/5400+30:1800+30"]

1. e4 d6 2. d4 Nf6 3. Nc3 g6 4. Nf3 Bg7 5. h3 c6 6. Be3 O-O 7. Qd2 Qa5 8. Bd3 Nbd7 9. Ne2 Qxd2+ 10. Kxd2 b6 11. c3 e5 12. dxe5 dxe5 13. Kc2 Bb7 14. Nd2 Rfd8 15. f3 b5 16. a4 a6 17. Nb3 Rac8 18. c4 c5 19. axb5 axb5 20. Na5 bxc4 21. Bxc4 Ba8 22. Nc3 Nb6 23. Ba6 Rc7 24. Nc4 Nxc4 25. Bxc4 Bf8 26. Rhd1 Rxd1 27. Rxd1 Rd7 28. Nd5 Bxd5 29. Bxd5 Kg7 30. Kc3 Nh5 31. Rd2 Ra7 32. b3 Nf4 33. g3 Ne6 34. Bxe6 fxe6 35. Kc4 Rf7 36. Rd3 Rxf3 37. Bh6+ 1-0

[Event "55th Rubinstein Memorial-C 2019"]
[Site "Polanica-Zdroj"]
[Date "2019.08.22"]
[Round "6.11"]
[White "Mike, Patryk"]
[Black "Wianecki, Mateusz"]
[Result "1-0"]
[ECO "C02"]
[WhiteElo "1840"]
[BlackElo "1634"]
[Annotator "NA"]
[PlyCount "75"]
[EventDate "2019.08.17"]
[EventType "swiss"]
[EventCountry "POL"]
[SourceTitle "playchess.com"]
[Source "ChessBase"]
[SourceQuality "1"]
[TimeControl "40/5400+30:1800+30"]

1. e4 e6 2. d4 d5 3. e5 b6 4. c3 Ne7 5. h4 c5 6. Nf3 Nec6 7. h5 h6 8. Be3 Ba6 9. Bxa6 Nxa6 10. a3 c4 11. Nh4 Nc7 12. f4 Qd7 13. g4 O-O-O 14. Nd2 b5 15. g5 Be7 16. Qg4 a5 17. Ndf3 f5 18. exf6 gxf6 19. Ng6 Rh7 20. gxf6 Bxf6 21. Nfe5 Bxe5 22. fxe5 Ne7 23. Nxe7+ Qxe7 24. Qh4 Qd7 25. Rg1 b4 26. axb4 axb4 27. Ke2 Rf8 28. Rg6 bxc3 29. bxc3 Qb5 30. Rag1 Qb2+ 31. Bd2 Qc2 32. Qh3 Rhf7 33. R1g2 Rf1 34. Rf6 Qe4+ 35. Kxf1 Qc2 36. Ke2 Qd1+ 37. Ke3 Qe1+ 38. Bxe1 1-0

[Event "55th Rubinstein Memorial-C 2019"]
[Site "Polanica-Zdroj"]
[Date "2019.08.22"]
[Round "6.12"]
[White "Sypien, Natan"]
[Black "Rzenca, Jerzy"]
[Result "1/2-1/2"]
[ECO "D19"]
[WhiteElo "1819"]
[BlackElo "1419"]
[Annotator "NA"]
[PlyCount "77"]
[EventDate "2019.08.17"]
[EventType "swiss"]
[EventCountry "POL"]
[SourceTitle "playchess.com"]
[Source "ChessBase"]
[SourceQuality "1"]
[TimeControl "40/5400+30:1800+30"]

1. d4 d5 2. c4 c6 3. Nf3 Nf6 4. Nc3 dxc4 5. a4 Bf5 6. e3 e6 7. Bxc4 Bb4 8. O-O O-O 9. Qe2 Nbd7 10. e4 Bg6 11. e5 Nd5 12. Ne4 Re8 13. Rd1 a6 14. a5 h6 15. Bd2 Be7 16. Rac1 Rc8 17. Nc3 Kh8 18. h3 Nb4 19. Na2 Nd5 20. Nc3 Nb4 21. Na2 Nd5 22. b4 Kg8 23. Bd3 Nf8 24. Rb1 Bxd3 25. Qxd3 Ng6 26. Nc1 Ndf4 27. Qe4 Qd5 28. Qe3 Bg5 29. Qb3 Qxb3 30. Nxb3 Be7 31. Kf1 Rc7 32. Nc5 Bf8 33. h4 Nd5 34. g3 Nge7 35. Ke2 Nc8 36. Rb3 Bxc5 37. dxc5 Na7 38. Be1 Nb5 39. Rbd3 1/2-1/2

[Event "55th Rubinstein Memorial-C 2019"]
[Site "Polanica-Zdroj"]
[Date "2019.08.22"]
[Round "6.13"]
[White "Burdzicki, Stanislaw"]
[Black "Myrmus, Mateusz"]
[Result "0-1"]
[ECO "D85"]
[WhiteElo "1785"]
[BlackElo "1598"]
[Annotator "NA"]
[PlyCount "72"]
[EventDate "2019.08.17"]
[EventType "swiss"]
[EventCountry "POL"]
[SourceTitle "playchess.com"]
[Source "ChessBase"]
[SourceQuality "1"]
[TimeControl "40/5400+30:1800+30"]

1. d4 Nf6 2. c4 g6 3. Nc3 d5 4. cxd5 Nxd5 5. e4 Nxc3 6. bxc3 Bg7 7. Be3 c5 8. Bc4 O-O 9. Ne2 Qa5 10. O-O Nc6 11. Qc1 Rd8 12. Rd1 Qa4 13. Bd5 Qa6 14. Rd2 e6 15. Bxc6 Qxc6 16. dxc5 Rxd2 17. Qxd2 b6 18. cxb6 axb6 19. f3 Ba6 20. Rb1 Qc4 21. Rb2 Bf6 22. Kf2 Rd8 23. Qc2 Rd3 24. Rb4 Qc7 25. Rb3 Bc4 26. Rb4 b5 27. Nf4 Rxc3 28. Qd2 Ra3 29. Bd4 Rxa2 30. Rb2 Rxb2 31. Qxb2 Bxd4+ 32. Qxd4 Qxf4 33. Qd8+ Kg7 34. g3 Qe5 35. f4 Qb2+ 36. Kg1 Qa1+ 0-1

[Event "55th Rubinstein Memorial-C 2019"]
[Site "Polanica-Zdroj"]
[Date "2019.08.22"]
[Round "6.14"]
[White "Bartoszewicz, Marcin"]
[Black "Chmielewski, Miroslaw"]
[Result "1-0"]
[ECO "B07"]
[WhiteElo "1950"]
[BlackElo "1646"]
[Annotator "NA"]
[PlyCount "75"]
[EventDate "2019.08.17"]
[EventType "swiss"]
[EventCountry "POL"]
[SourceTitle "playchess.com"]
[Source "ChessBase"]
[SourceQuality "1"]
[TimeControl "40/5400+30:1800+30"]

1. e4 d6 2. d4 Nf6 3. Nc3 Nbd7 4. Nf3 e5 5. Bc4 Be7 6. O-O O-O 7. dxe5 Nxe5 8. Nxe5 dxe5 9. Qe2 c6 10. a4 Bg4 11. f3 Bh5 12. Be3 Qa5 13. Qf2 Bg6 14. Rfd1 Rfd8 15. Rxd8+ Bxd8 16. Rd1 Bb6 17. g4 h6 18. h4 Kf8 19. Kg2 Qb4 20. Bb3 Bxe3 21. Qxe3 Qe7 22. h5 Bh7 23. a5 a6 24. Na4 Nd7 25. Rxd7 Qxd7 26. Nb6 Qe8 27. Qc5+ Kg8 28. Nxa8 Qxa8 29. Qe7 Qf8 30. Qxb7 g6 31. hxg6 Bxg6 32. Qxc6 Kg7 33. Qc7 Qe8 34. Bc4 Kf6 35. Bxa6 Qa4 36. Qd6+ Kg5 37. Qxe5+ Kh4 38. Qf6# 1-0

[Event "55th Rubinstein Memorial-C 2019"]
[Site "Polanica-Zdroj"]
[Date "2019.08.22"]
[Round "6.15"]
[White "Rylski, Tadeusz"]
[Black "Binkowska, Agata"]
[Result "1-0"]
[ECO "E07"]
[WhiteElo "1616"]
[BlackElo "1896"]
[Annotator "NA"]
[PlyCount "61"]
[EventDate "2019.08.17"]
[EventType "swiss"]
[EventCountry "POL"]
[SourceTitle "playchess.com"]
[Source "ChessBase"]
[SourceQuality "1"]
[TimeControl "40/5400+30:1800+30"]

1. d4 d5 2. c4 e6 3. Nf3 Nf6 4. g3 Be7 5. Bg2 O-O 6. O-O Nbd7 7. Nbd2 b6 8. Qc2 Bb7 9. b3 c5 10. Rd1 Rc8 11. dxc5 Bxc5 12. Bb2 Qe7 13. Rac1 dxc4 14. bxc4 Ba6 15. Qa4 Nb8 16. Be5 Nfd7 17. Bb2 Rfd8 18. e3 Nf6 19. Ne5 Qe8 20. Qxe8+ Nxe8 21. Nb3 Be7 22. Nd4 Bf6 23. Ndf3 Nd6 24. Nd2 Bb7 25. Bxb7 Nxb7 26. Ndf3 Na6 27. Ba3 Nac5 28. Rd4 Nd7 29. Rxd7 Bxe5 30. Nxe5 Rxd7 31. Nxd7 1-0